 Dungeon Sprint DCSS version 0.21-a0-221-gfe971b9 (webtiles) character file.

22089 Kidiri the Warrior (level 12, -14/125 HPs)
             Began as a Minotaur Abyssal Knight on Aug 25, 2017.
             Was the Champion of Lugonu.
             Hit by a large rock thrown by a stone giant (20 damage)
             ... in the Dungeon (Sprint IX: "|||||||||||||||||||||||||||||").
             The game lasted 00:19:34 (6017 turns).

Kidiri the Warrior (Minotaur Abyssal Knight)        Turns: 6017, Time: 00:19:34

Health: -14/125    AC: 37    Str: 26    XL:     12   Next: 59%
Magic:  16/19      EV: 17    Int:  9    God:    Lugonu [******]
Gold:   1477       SH:  0    Dex: 11    Spells: 11/11 levels left

rFire    . . .     SeeInvis .   a - +1 great sword
rCold    . . .     Gourm    .   (shield currently unavailable)
rNeg     . . .     Faith    .   x - +6 plate armour {MR+}
rPois    .         Spirit   .   (helmet restricted)
rElec    +         Reflect  .   E - +2 cloak
rCorr    .         Harm     .   m - +2 pair of gloves
MR       +....     NoTele   +   w - +2 pair of boots
Stlth    ..........             (no amulet)
HPRegen  0.30/turn              n - +2 ring of protection
MPRegen  0.16/turn              o - +2 ring of evasion

@: mighty
A: retaliatory headbutt, horns 2, electricity resistance, MP-powered wands
a: Bend Space, Banish, Corrupt, Brand Weapon With Distortion, Renounce Religion


You were in the Dungeon.
You worshipped Lugonu.
Lugonu was exalted by your worship.
You were not hungry.

You visited 1 branch You collected 1907 gold pieces.
You spent 430 gold pieces at shops.

Inventory:

Hand Weapons
 a - a +1 great sword (weapon)
Missiles
 q - 44 stones (quivered)
Armour
 m - a +2 pair of gloves (worn)
 w - a +2 pair of boots (worn)
 x - a +6 plate armour of magic resistance (worn)
 E - a +2 cloak (worn)
Jewellery
 b - an uncursed ring of protection from cold
 n - a +2 ring of protection (left hand)
 o - a +2 ring of evasion (right hand)
 A - an uncursed ring of protection from cold
 C - an uncursed ring of protection from magic
 D - an uncursed ring of poison resistance
Wands
 l - a wand of lightning (7/15)
Scrolls
 i - 2 scrolls of blinking
 j - 3 scrolls of remove curse
 k - 2 scrolls of amnesia
 s - 2 scrolls of fear
 u - 4 scrolls of identify
 y - a scroll of enchant weapon
 F - a scroll of recharging
Potions
 d - 11 potions of curing
 f - 5 potions of haste
 g - 4 potions of magic
 h - a potion of invisibility
 r - a potion of brilliance
 v - a potion of agility
Comestibles
 c - 13 bread rations
 p - 22 fruits
 t - 12 meat rations


   Skills:
 * Level 17.4 Fighting
 * Level 17.0 Long Blades
 + Level 10.8 Throwing
 * Level 17.0 Armour
 * Level 15.7 Dodging
 + Level 10.9 Invocations


You had 11 spell levels left.
You didn't know any spells.

Dungeon Overview and Level Annotations

Branches:
Dungeon (1/1)

Altars:
Cheibriados
Dithmenos
Elyvilon
Fedhas
Gozag
Hepliaklqana
Kikubaaqudgha
Makhleb
Nemelex Xobeh
Okawaru
Qazlal
Ru
Sif Muna
Trog
Uskayaw
Vehumet
Wu Jian
Xom
Yredelemnul
Zin
The Shining One
Beogh
Jiyva
Lugonu

Shops:
D %?!%


Innate Abilities, Weirdness & Mutations

You reflexively headbutt those who attack you in melee.
You have a pair of horns on your head.
You are resistant to electric shocks. (rElec)
You expend magic power (3 MP) to strengthen your wands.


Message History

The stone giant is heavily wounded.
The stone giant barely misses you.
You riposte.
You hit the stone giant. You headbutt the stone giant!
The stone giant is heavily wounded.
Your plate armour prevents you from hitting the stone giant.
The stone giant is heavily wounded.
The stone giant hits you!!
* * * LOW HITPOINT WARNING * * *
Unknown command.
You slice the stone giant!! You headbutt the stone giant.
The stone giant is almost dead.
The stone giant misses you. You furiously retaliate!
You headbutt the stone giant! You slash the stone giant!
You kill the stone giant!
Lugonu accepts your kill.
Your Long Blades skill increases to level 17!
Your Armour skill increases to level 17!
The stone giant throws a large rock.
The large rock hits you!!
You die...

▓....'..[..[..'...?).......'....
▓.▓▓▓▓▓▓▓▓▓▓▓▓▓▓▓▓▓▓▓▓▓▓▓▓▓▓▓▓▓▓
▓....)..........).....).........
▓▓▓▓▓▓▓▓▓▓▓▓▓▓▓▓▓▓▓▓▓▓▓▓▓▓▓▓▓▓▓▓
▓...)....)'.....∩.∩.∩.∩.....).).
▓.▓▓▓▓▓▓▓▓▓▓▓▓▓▓▓▓▓▓▓▓▓▓▓▓▓▓▓▓▓▓
▓...............................
▓▓▓▓▓▓▓▓▓▓▓▓▓▓▓▓▓▓▓▓▓▓▓▓▓▓▓▓▓▓▓▓
+...(@(C..((.§§)'C(...
▓▓▓▓▓▓▓▓▓▓▓▓▓▓▓▓▓▓▓▓▓▓


You could see a stone giant.

Vanquished Creatures
  2 stone giants (D)
  A spark wasp (D)
  2 ettins (D)
  Josephine (D)
  A hydra (D)
  A centaur warrior (D)
  A two-headed ogre (D)
  A deep troll earth mage (D)
  4 death yaks (D)
  An orc high priest (D)
  6 orc knights (D)
  An ugly thing (D)
  A deep elf mage (D)
  A cyclops (D)
  2 black mambas (D)
  3 komodo dragons (D)
  A rime drake (D)
  An efreet (D)
  A kobold demonologist (D)
  2 hippogriffs (D)
  6 yaks (D)
  Eustachio (D)
  5 wraiths (D)
  A hungry ghost (D)
  3 water moccasins (D)
  4 porcupines (D)
  20 orc warriors (D)
  A sky beast (D)
  An ice beast (D)
  An ogre (D)
  A wolf (D)
  A boggart (D)
  A crocodile (D)
  A big kobold (D)
  A howler monkey (D)
  A crimson imp (D)
  A hound (D)
  A jelly (D)
  6 orc wizards (D)
  3 orc priests (D)
  A gnoll (D)
  An adder skeleton (D)
  An adder zombie (D)
  A leopard gecko (D)
  3 orcs (D)
  A bat (D)
  A goblin (D)
  A hobgoblin (D)
  A frilled lizard (D)
  A kobold (D)
106 creatures vanquished.

Vanquished Creatures (others)
  A bullfrog (D)
1 creature vanquished.

Grand Total: 107 creatures vanquished

Notes
Turn   | Place    | Note
-------+----------+-------------------------------------------
     0 | D        | Kidiri the Minotaur Abyssal Knight began the quest for the Orb.
     0 | D        | Reached XP level 1. HP: 19/19 MP: 1/1
    11 | D        | Reached ** piety under Lugonu
   176 | D        | Noticed an ice beast
   176 | D        | Noticed a crimson imp
   176 | D        | Noticed an ogre
   181 | D        | Reached *** piety under Lugonu
   181 | D        | Reached XP level 2. HP: 21/28 MP: 2/2
   192 | D        | Killed an ogre
   192 | D        | Reached skill level 5 in Long Blades
   192 | D        | Reached skill level 5 in Armour
   192 | D        | Reached XP level 3. HP: 11/37 MP: 1/4
   192 | D        | Reached XP level 4. HP: 14/44 MP: 1/5
   196 | D        | Killed an ice beast
   196 | D        | Reached skill level 5 in Dodging
   196 | D        | Reached XP level 5. HP: 17/52 MP: 2/6
   219 | D        | Reached **** piety under Lugonu
   227 | D        | Found a roughly hewn altar of Beogh.
   227 | D        | Found a snail-covered altar of Cheibriados.
   227 | D        | Found a shadowy altar of Dithmenos.
   227 | D        | Found a white marble altar of Elyvilon.
   227 | D        | Found a blossoming altar of Fedhas.
   227 | D        | Found an opulent altar of Gozag.
   228 | D        | Found a hazy altar of Hepliaklqana.
   229 | D        | Found a viscous altar of Jiyva.
   230 | D        | Found an ancient bone altar of Kikubaaqudgha.
   231 | D        | Found a corrupted altar of Lugonu.
   232 | D        | Found a burning altar of Makhleb.
   233 | D        | Found a sparkling altar of Nemelex Xobeh.
   234 | D        | Found an iron altar of Okawaru.
   235 | D        | Found a stormy altar of Qazlal.
   236 | D        | Found a sacrificial altar of Ru.
   237 | D        | Found a deep blue altar of Sif Muna.
   238 | D        | Found a bloodstained altar of Trog.
   239 | D        | Found a hide-covered altar of Uskayaw.
   240 | D        | Found a radiant altar of Vehumet.
   241 | D        | Found an ornate altar of the Wu Jian Council.
   242 | D        | Found a shimmering altar of Xom.
   243 | D        | Found a basalt altar of Yredelemnul.
   244 | D        | Found a glowing silver altar of Zin.
   245 | D        | Found a glowing golden altar of the Shining One.
   444 | D        | Noticed a hungry ghost
   444 | D        | Noticed a hippogriff
   444 | D        | Noticed a sky beast
   455 | D        | Killed a sky beast
   455 | D        | Reached XP level 6. HP: 50/61 MP: 6/8
   462 | D        | Killed a hippogriff
   462 | D        | Reached ***** piety under Lugonu
   462 | D        | Reached skill level 5 in Invocations
   462 | D        | Reached XP level 7. HP: 36/70 MP: 7/9
   474 | D        | Killed a hungry ghost
   624 | D        | Noticed a green ugly thing
   624 | D        | Noticed an efreet
   624 | D        | Noticed a two-headed ogre
   632 | D        | Killed a two-headed ogre
   632 | D        | Reached skill level 10 in Fighting
   632 | D        | Reached skill level 10 in Long Blades
   632 | D        | Reached skill level 5 in Throwing
   632 | D        | Reached skill level 10 in Armour
   632 | D        | Reached XP level 8. HP: 44/81 MP: 9/11
   637 | D        | Killed an efreet
   644 | D        | Killed a green ugly thing
   897 | D        | Noticed Josephine
   898 | D        | Reached skill level 10 in Dodging
   898 | D        | Reached XP level 9. HP: 81/89 MP: 12/12
   911 | D        | Killed Josephine
   912 | D        | Reached ****** piety under Lugonu
  1093 | D        | Noticed a komodo dragon
  1096 | D        | Noticed a komodo dragon
  1114 | D        | Killed a komodo dragon
  1114 | D        | Reached XP level 10. HP: 100/100 MP: 14/14
  1255 | D        | Noticed a black mamba
  1255 | D        | Noticed an eight-headed hydra
  1259 | D        | Killed a five-headed hydra
  1273 | D        | Killed a black mamba
  1274 | D        | Noticed a black mamba
  1293 | D        | Killed a black mamba
  1636 | D        | Noticed a death yak
  1636 | D        | Noticed a death yak
  1636 | D        | Noticed a death yak
  1639 | D        | Noticed a death yak
  1645 | D        | Killed a death yak
  1656 | D        | Killed a death yak
  1656 | D        | Reached XP level 11. HP: 46/111 MP: 16/16
  1663 | D        | Killed a death yak
  1676 | D        | Killed a death yak
  1686 | D        | Reached skill level 15 in Fighting
  2652 | D        | Noticed an ettin
  2661 | D        | Killed an ettin
  2661 | D        | Reached skill level 15 in Armour
  2757 | D        | Noticed an orc knight
  2757 | D        | Noticed an orc knight
  2775 | D        | Killed an orc knight
  2775 | D        | Reached skill level 15 in Long Blades
  2782 | D        | Noticed an orc knight
  2789 | D        | Killed an orc knight
  3049 | D        | Killed an orc knight
  3473 | D        | Noticed an orc high priest
  3480 | D        | Killed an orc high priest
  3646 | D        | Found Niur's Food Boutique.
  3646 | D        | Noticed an orc knight
  3797 | D        | Killed an orc knight
  3924 | D        | Reached skill level 10 in Invocations
  4127 | D        | Found Baezo's Distillery.
  4131 | D        | Found Isininot's Magic Scroll Boutique.
  4133 | D        | Noticed an orc knight
  4134 | D        | Found Fenugy's Food Shop.
  4151 | D        | Killed an orc knight
  4163 | D        | Reached skill level 10 in Throwing
  4181 | D        | Noticed an orc knight
  4219 | D        | Killed an orc knight
  4219 | D        | Reached XP level 12. HP: 69/122 MP: 18/18
  4265 | D        | Bought a scroll of enchant weapon for 75 gold pieces
  4265 | D        | Bought a scroll of enchant armour for 75 gold pieces
  4265 | D        | Bought a scroll of identify for 20 gold pieces
  4267 | D        | Bought a potion of curing for 30 gold pieces
  4267 | D        | Bought a potion of curing for 30 gold pieces
  4267 | D        | Bought a potion of mutation for 80 gold pieces
  4267 | D        | Bought a potion of heal wounds for 50 gold pieces
  4267 | D        | Bought a potion of curing for 30 gold pieces
  4267 | D        | Bought a potion of might for 40 gold pieces
  4270 | D        | Gained mutation: You expend magic power (3 MP) to strengthen your wands. [potion of mutation]
  4270 | D        | Gained mutation: You are resistant to electric shocks. (rElec) [potion of mutation]
  4451 | D        | Noticed Eustachio
  4464 | D        | Killed Eustachio
  4939 | D        | Noticed a centaur warrior
  4948 | D        | Killed a centaur warrior
  5094 | D        | Reached skill level 15 in Dodging
  5445 | D        | Noticed an ettin
  5458 | D        | Killed an ettin
  5639 | D        | Noticed a stone giant
  5684 | D        | Killed a stone giant
  5963 | D        | Noticed a stone giant
  5976 | D        | Noticed a stone giant
  5989 | D        | Noticed a deep troll earth mage
  5989 | D        | Noticed a spark wasp
  6004 | D        | Killed a deep troll earth mage
  6012 | D        | Killed a spark wasp
  6015 | D        | HP: 6/125 [stone giant (19)]
  6017 | D        | Killed a stone giant
  6017 | D        | Hit by a large rock thrown by a stone giant

Vault maps used:
D:        linesprint

Skill      XL: |  1  2  3  4  5  6  7  8  9 10 11 12 |
---------------+-------------------------------------+-----
Fighting       | 4 6 7 8 9 10 11 12 14 16 17 | 17.4
Dodging        | 2 4 5 6 7 9 10 11 13 14 15 | 15.7
Long Blades    | 3 5 6 7 8 10 11 12 14 15 17 | 17.0
Armour         | 3 5 6 7 8 10 11 12 14 16 17 | 17.0
Invocations    | 2 3 4 5 6 7 8 10 | 10.9
Throwing       | 2 3 4 5 6 7 8 10 | 10.8

Action                   |  1- 3 |  4- 6 |  7- 9 | 10-12 || total
-------------------------+-------+-------+-------+-------++-------
Melee: Falchion          |    21 |     9 |       |       ||    30
       Headbutt          |     3 |     6 |    16 |    88 ||   113
       Scimitar          |       |    17 |    82 |   292 ||   391
       Great sword       |       |       |       |    92 ||    92
Throw: Stone             |       |       |       |    23 ||    23
Invok: Bend Space        |     1 |       |       |    12 ||    13
  Use: Potion            |     1 |       |     1 |    10 ||    12
       Scroll            |       |       |     2 |     5 ||     7
  Eat: Chunk             |       |       |     3 |     5 ||     8
       Fruit             |       |       |       |    18 ||    18
Armor: Leather armour    |     2 |     1 |       |       ||     3
       Ring mail         |       |     7 |    11 |    13 ||    31
       Plate armour      |       |       |       |    69 ||    69
Dodge: Dodged            |    12 |    24 |    41 |   171 ||   248
       Rpst.: Falchion   |     2 |     4 |       |       ||     6
       Scimitar          |       |     5 |     7 |    29 ||    41
       Great sword       |       |       |       |    13 ||    13

Table legend:
 A = Spawn XP
 B = Non-spawn XP
 C = Spawn XP percentage of total XP
 D = Spawn monster count
 E = Non-spawn monster count
 F = Spawn count percentage of total count
 G = Total turns spent on level
                    A         B        C        D         E        F      G
               +---------+---------+-------+---------+---------+-------+---------
         Total |       0 |   31557 |   0.0 |       0 |     106 |   0.0 |  6017
               +---------+---------+-------+---------+---------+-------+---------
             D |       0 |   31557 |   0.0 |       0 |     106 |   0.0 |  6017
               +---------+---------+-------+---------+---------+-------+---------
